TOP OF THE 1ST |
Eau Claire Esquires batting - Pitching for Salem Sledgehammers : RHP Will Robinson
|
Pitching: RHP Will Robinson
|
|
Batting: LHB Brian Easdale
|
0-0: Ball 1-0: Ball 2-0: Called Strike 2-1: Foul Ball, location: 2F 2-2: Strikes out looking
|
Batting: SHB Darren Ramsey
|
0-0: Called Strike 0-1: SINGLE (Flyball, 7LM)
|
Batting: RHB Terry Perkins
|
0-0: Ball 1-0: Foul Ball, location: 2F 1-1: Ball 2-1: DOUBLE (Flyball, 78M) Darren Ramsey to third
|
Batting: SHB Darren Campbell
|
0-0: Called Strike 0-1: Ball 1-1: Ball 2-1: Ground out 4-3 (Groundball, 4) Darren Ramsey scores Terry Perkins to third
|
Batting: LHB Corey MacGregor
|
0-0: Fly out, F6 (Popup, 6D)
|
Top of the 1st over - 1 run(s), 2 hit(s), 0 error(s), 1 left on base; Eau Claire 1 - Salem 0 |
BOTTOM OF THE 1ST |
Salem Sledgehammers batting - Pitching for Eau Claire Esquires : RHP Tom Emery
|
Pitching: RHP Tom Emery
|
|
Batting: RHB Ben Simpson
|
0-0: Bunt for hit - play at first, batter safe!
|
Batting: SHB 聲gel Estrada
|
0-0: Ball 1-0: Ball 2-0: Ball 3-0: Called Strike 3-1: Foul Ball, location: 2F 3-2: DOUBLE (Line Drive, 78M) Ben Simpson to third
|
Batting: RHB Juan Morales
|
0-0: Called Strike 0-1: Hit by Pitch
|
Batting: RHB John Burton
|
0-0: Ball 1-0: Fly out, F8 (Flyball, 8RM) Runner from 3rd tags up, SCORES, no throw
|
Batting: RHB Ben Byrd
|
0-0: Ball 聲gel Estrada steals 3rd base Juan Morales to second 1-0: Ball 2-0: Ball 3-0: Base on Balls
|
Batting: SHB Carlos Ram甏ez
|
0-0: Called Strike 0-1: Ball 1-1: Ball 2-1: Fly out, F8 (Flyball, 8RM) Runner from 3rd tags up, SCORES, no throw
|
Batting: RHB Timothy Foster
|
0-0: Foul Ball, location: 2F 0-1: Fly out, F8 (Flyball, 8RD)
|
Bottom of the 1st over - 2 run(s), 2 hit(s), 0 error(s), 2 left on base; Eau Claire 1 - Salem 2 |
TOP OF THE 2ND |
Eau Claire Esquires batting - Pitching for Salem Sledgehammers : RHP Will Robinson
|
Batting: RHB Chet White
|
0-0: Ball 1-0: Fly out, F5 (Line Drive, 56)
|
Batting: RHB Jackson Smith
|
0-0: Foul Ball, location: 2F 0-1: Ball 1-1: Foul Ball, location: 2F 1-2: Foul Ball, location: 2F 1-2: SINGLE (Groundball, 6MD)
|
Batting: RHB Gary Roberts
|
0-0: Foul Ball, location: 2F 0-1: Ball 1-1: Ball 2-1: Ball 3-1: Base on Balls Jackson Smith to second
|
Batting: RHB Jonathan Reynolds
|
0-0: Ball 1-0: Called Strike 1-1: Called Strike 1-2: Ball 2-2: Foul Ball, location: 2F 2-2: Strikes out looking
|
Batting: LHB Brian Easdale
|
0-0: Called Strike 0-1: SINGLE (Line Drive, 7LM) Jackson Smith to third Gary Roberts to second
|
Batting: SHB Darren Ramsey
|
0-0: Called Strike 0-1: Ball 1-1: GRAND SLAM HOME RUN (Flyball, 89XD), Distance : 421 ft
|
Batting: RHB Terry Perkins
|
0-0: Swinging Strike 0-1: Swinging Strike 0-2: Foul Ball, location: 2F 0-2: Foul Ball, location: 2F 0-2: Ball 1-2: Ball 2-2: Strikes out swinging
|
Top of the 2nd over - 4 run(s), 3 hit(s), 0 error(s), 0 left on base; Eau Claire 5 - Salem 2 |
BOTTOM OF THE 2ND |
Salem Sledgehammers batting - Pitching for Eau Claire Esquires : RHP Tom Emery
|
Batting: RHB Roberto Landavazo
|
0-0: Ball 1-0: Swinging Strike 1-1: Foul Ball, location: 2F 1-2: Foul Ball, location: 2F 1-2: Foul Ball, location: 2F 1-2: Ball 2-2: Ball 3-2: Foul Ball, location: 2F 3-2: Base on Balls
|
Batting: RHB Steve West
|
0-0: Called Strike 0-1: Fly out, F7 (Flyball, 7)
|
Batting: RHB Ben Simpson
|
0-0: Grounds into double play, 5-4-3 (Groundball, 5L)
|
Bottom of the 2nd over - 0 run(s), 0 hit(s), 0 error(s), 0 left on base; Eau Claire 5 - Salem 2 |
TOP OF THE 3RD |
Eau Claire Esquires batting - Pitching for Salem Sledgehammers : RHP Will Robinson
|
Batting: SHB Darren Campbell
|
0-0: Called Strike 0-1: Swinging Strike 0-2: Ball 1-2: Strikes out swinging
|
Batting: LHB Corey MacGregor
|
0-0: Ball 1-0: Ball 2-0: Called Strike 2-1: SINGLE (Groundball, 13) (infield hit)
|
Batting: RHB Chet White
|
0-0: Ball Corey MacGregor is caught stealing 2nd base 1-0: Ground out 5-3 (Groundball, 56S)
|
Top of the 3rd over - 0 run(s), 1 hit(s), 0 error(s), 0 left on base; Eau Claire 5 - Salem 2 |
BOTTOM OF THE 3RD |
Salem Sledgehammers batting - Pitching for Eau Claire Esquires : RHP Tom Emery
|
Batting: SHB 聲gel Estrada
|
0-0: Ball 1-0: Called Strike 1-1: Foul Ball, location: 2F 1-2: Ground out U3 (Groundball, 3S)
|
Batting: RHB Juan Morales
|
0-0: Ground out 4-3 (Groundball, 4S)
|
Batting: RHB John Burton
|
0-0: Ball 1-0: SINGLE (Line Drive, 7S)
|
Batting: RHB Ben Byrd
|
0-0: Ball 1-0: Ball 2-0: Fly out, F6 (Line Drive, 6)
|
Bottom of the 3rd over - 0 run(s), 1 hit(s), 0 error(s), 1 left on base; Eau Claire 5 - Salem 2 |
TOP OF THE 4TH |
Eau Claire Esquires batting - Pitching for Salem Sledgehammers : RHP Will Robinson
|
Batting: RHB Jackson Smith
|
0-0: Ball 1-0: Called Strike 1-1: Hit by Pitch
|
Pitching: RHP Leslie Simpson
|
|
Batting: RHB Gary Roberts
|
0-0: Ball 1-0: Swinging Strike 1-1: Foul Ball, location: 2F 1-2: Strikes out looking
|
Batting: RHB Jonathan Reynolds
|
0-0: Called Strike 0-1: Foul Ball, location: 2F 0-2: Foul Ball, location: 2F 0-2: Ball 1-2: Ball 2-2: Fly out, F9 (Line Drive, 89S)
|
Batting: LHB Brian Easdale
|
0-0: Ball 1-0: Ball 2-0: Fly out, F9 (Flyball, 9)
|
Top of the 4th over - 0 run(s), 0 hit(s), 0 error(s), 1 left on base; Eau Claire 5 - Salem 2 |
BOTTOM OF THE 4TH |
Salem Sledgehammers batting - Pitching for Eau Claire Esquires : RHP Tom Emery
|
Batting: SHB Carlos Ram甏ez
|
0-0: Called Strike 0-1: Ball 1-1: SINGLE (Line Drive, 9LM)
|
Batting: RHB Timothy Foster
|
0-0: Grounds into double play, 6-4-3 (Groundball, 6)
|
Batting: RHB Roberto Landavazo
|
0-0: Ball 1-0: Ball 2-0: Foul Ball, location: 2F 2-1: Ball 3-1: Base on Balls
|
Batting: RHB Steve West
|
0-0: Called Strike 0-1: Ball 1-1: Ball 2-1: 2-RUN HOME RUN (Flyball, 7LD), Distance : 391 ft
|
Batting: RHB Ben Simpson
|
0-0: Called Strike 0-1: Foul Ball, location: 2F 0-2: Ball 1-2: Foul Ball, location: 2F 1-2: Ball 2-2: Foul Ball, location: 2F 2-2: Ball 3-2: Strikes out swinging
|
Bottom of the 4th over - 2 run(s), 2 hit(s), 0 error(s), 0 left on base; Eau Claire 5 - Salem 4 |
TOP OF THE 5TH |
Eau Claire Esquires batting - Pitching for Salem Sledgehammers : RHP Leslie Simpson
|
Batting: SHB Darren Ramsey
|
0-0: Foul Ball, location: 2F 0-1: Ground out 4-3 (Groundball, 4M)
|
Batting: RHB Terry Perkins
|
0-0: Ball 1-0: Ball 2-0: DOUBLE (Flyball, 78XD) - OUT at third base trying to stretch hit.
|
Batting: SHB Darren Campbell
|
0-0: Foul Ball, location: 2F 0-1: Ball 1-1: Swinging Strike 1-2: SOLO HOME RUN (Flyball, 9LD), Distance : 389 ft
|
Batting: LHB Corey MacGregor
|
0-0: Fly out, F7 (Flyball, 7S)
|
Top of the 5th over - 1 run(s), 2 hit(s), 0 error(s), 0 left on base; Eau Claire 6 - Salem 4 |
BOTTOM OF THE 5TH |
Salem Sledgehammers batting - Pitching for Eau Claire Esquires : RHP Tom Emery
|
Batting: SHB 聲gel Estrada
|
0-0: Ball 1-0: Swinging Strike 1-1: Foul Ball, location: 2F 1-2: Ground out 5-3 (Groundball, 56)
|
Batting: RHB Juan Morales
|
0-0: Fly out, F8 (Flyball, 8RM)
|
Batting: RHB John Burton
|
0-0: Foul Ball, location: 2F 0-1: Fly out, F8 (Flyball, 8LM)
|
Bottom of the 5th over - 0 run(s), 0 hit(s), 0 error(s), 0 left on base; Eau Claire 6 - Salem 4 |
TOP OF THE 6TH |
Eau Claire Esquires batting - Pitching for Salem Sledgehammers : RHP Leslie Simpson
|
Batting: RHB Chet White
|
0-0: Ball 1-0: Bunt missed! 1-1: Fly out, F8 (Flyball, 8LM)
|
Batting: RHB Jackson Smith
|
0-0: Called Strike 0-1: Ball 1-1: SINGLE (Groundball, 6) (infield hit)
|
Batting: RHB Gary Roberts
|
0-0: Ball Jackson Smith steals 2nd base 1-0: Swinging Strike 1-1: Ball 2-1: Fly out, F2 (Popup, 3S)
|
Batting: RHB Jonathan Reynolds
|
0-0: Swinging Strike 0-1: Swinging Strike 0-2: Ball 1-2: Ball 2-2: Strikes out looking
|
Top of the 6th over - 0 run(s), 1 hit(s), 0 error(s), 1 left on base; Eau Claire 6 - Salem 4 |
BOTTOM OF THE 6TH |
Salem Sledgehammers batting - Pitching for Eau Claire Esquires : RHP Tom Emery
|
Batting: RHB Ben Byrd
|
0-0: Called Strike 0-1: Ball 1-1: Ball 2-1: Ball 3-1: Base on Balls
|
Batting: SHB Carlos Ram甏ez
|
0-0: Foul Ball, location: 2F 0-1: Ball 1-1: Ball Ben Byrd is caught stealing 2nd base 2-1: Called Strike 2-2: Foul Ball, location: 2F 2-2: Ball 3-2: Fly out, F4 (Popup, 4)
|
Batting: RHB Timothy Foster
|
0-0: Foul Ball, location: 2F 0-1: Ball 1-1: Swinging Strike 1-2: Ball 2-2: Foul Ball, location: 2F 2-2: Strikes out swinging
|
Bottom of the 6th over - 0 run(s), 0 hit(s), 0 error(s), 0 left on base; Eau Claire 6 - Salem 4 |
TOP OF THE 7TH |
Eau Claire Esquires batting - Pitching for Salem Sledgehammers : RHP Leslie Simpson
|
Batting: LHB Brian Easdale
|
0-0: Ball 1-0: Called Strike 1-1: Ball 2-1: SINGLE (Groundball, 4MD)
|
Batting: SHB Darren Ramsey
|
0-0: Called Strike 0-1: Ball 1-1: Ball 2-1: Bunted foul 2-2: Ball 3-2: Base on Balls Brian Easdale to second
|
Batting: RHB Terry Perkins
|
0-0: Foul Ball, location: 2F 0-1: Reached on error, E6 (Groundball, 56) Brian Easdale to third Darren Ramsey to second
|
Pinch Hitting: RHB Luis Cherena
|
0-0: Swinging Strike 0-1: DOUBLE (Line Drive, 7LM) Brian Easdale scores Darren Ramsey scores Terry Perkins to third
|
Batting: LHB Corey MacGregor
|
0-0: Intentional Walk
|
Pitching: RHP Sergio Garc燰
|
|
Batting: RHB Chet White
|
0-0: Ball 1-0: Ball 2-0: Ball 3-0: Called Strike 3-1: Base on Balls Terry Perkins scores Luis Cherena to third Corey MacGregor to second
|
Batting: RHB Jackson Smith
|
0-0: Foul Ball, location: 2F 0-1: Swinging Strike 0-2: Strikes out swinging
|
Batting: RHB Gary Roberts
|
0-0: Ball 1-0: Swinging Strike 1-1: Ball 2-1: Foul Ball, location: 2F 2-2: Strikes out looking
|
Batting: RHB Jonathan Reynolds
|
0-0: Called Strike 0-1: Ball 1-1: Called Strike 1-2: Strikes out swinging
|
Top of the 7th over - 3 run(s), 2 hit(s), 1 error(s), 3 left on base; Eau Claire 9 - Salem 4 |
BOTTOM OF THE 7TH |
Salem Sledgehammers batting - Pitching for Eau Claire Esquires : RHP Tom Emery
|
Pitching: LHP Gabriel Acevedo
|
|
Now at SS: Jorge Garza
|
|
Batting: RHB Roberto Landavazo
|
0-0: Swinging Strike 0-1: Called Strike 0-2: Ball 1-2: Foul Ball, location: 2F 1-2: Strikes out swinging
|
Batting: RHB Steve West
|
0-0: Ball 1-0: Ball 2-0: Ball 3-0: Called Strike 3-1: Called Strike 3-2: Foul Ball, location: 2F 3-2: Base on Balls
|
Batting: RHB Ben Simpson
|
0-0: Called Strike 0-1: Called Strike 0-2: Ball 1-2: Strikes out swinging
|
Batting: SHB 聲gel Estrada
|
0-0: Ball 1-0: Ball 2-0: Ball 3-0: Called Strike 3-1: Foul Ball, location: 2F 3-2: Base on Balls Steve West to second
|
Batting: RHB Juan Morales
|
0-0: Fielders Choice at 2nd, 6-4 (Groundball, 6)
|
Bottom of the 7th over - 0 run(s), 0 hit(s), 0 error(s), 1 left on base; Eau Claire 9 - Salem 4 |
TOP OF THE 8TH |
Eau Claire Esquires batting - Pitching for Salem Sledgehammers : RHP Sergio Garc燰
|
Batting: LHB Brian Easdale
|
0-0: Foul Ball, location: 2F 0-1: Ball 1-1: Ball 2-1: Called Strike 2-2: Ground out U3 (Groundball, 34)
|
Batting: SHB Darren Ramsey
|
0-0: Called Strike 0-1: Ground out 4-3 (Groundball, 34D)
|
Batting: RHB Terry Perkins
|
0-0: Ball 1-0: Swinging Strike 1-1: Ball 2-1: Ball 3-1: Base on Balls
|
Batting: RHB Jorge Garza
|
0-0: Ball 1-0: Fielders Choice at 2nd, 4-6 (Groundball, 4)
|
Top of the 8th over - 0 run(s), 0 hit(s), 0 error(s), 0 left on base; Eau Claire 9 - Salem 4 |
BOTTOM OF THE 8TH |
Salem Sledgehammers batting - Pitching for Eau Claire Esquires : LHP Gabriel Acevedo
|
Now at 1B: Juan Mart璯ez
|
|
Batting: RHB John Burton
|
0-0: Called Strike 0-1: Ball 1-1: Swinging Strike 1-2: Ball 2-2: Strikes out looking
|
Batting: RHB Ben Byrd
|
0-0: Foul Ball, location: 2F 0-1: Ball 1-1: DOUBLE (Line Drive, 9LS)
|
Batting: SHB Carlos Ram甏ez
|
0-0: Ball 1-0: Ground out 6-3 (Groundball, 6) Ben Byrd to third
|
Batting: RHB Timothy Foster
|
0-0: Swinging Strike 0-1: Foul Ball, location: 2F 0-2: Ball 1-2: Ball Wild Pitch! Ben Byrd scores 2-2: Ball 3-2: Strikes out looking
|
Bottom of the 8th over - 1 run(s), 1 hit(s), 0 error(s), 0 left on base; Eau Claire 9 - Salem 5 |
TOP OF THE 9TH |
Eau Claire Esquires batting - Pitching for Salem Sledgehammers : RHP Sergio Garc燰
|
Pitching: LHP John Dyer
|
|
Batting: LHB Corey MacGregor
|
0-0: Ground out 4-3 (Groundball, 4)
|
Batting: RHB Chet White
|
0-0: Ball 1-0: Foul Ball, location: 2F 1-1: Ball 2-1: Called Strike 2-2: Ground out 4-3 (Groundball, 4S)
|
Batting: RHB Jackson Smith
|
0-0: Fly out, F4 (Line Drive, 4)
|
Top of the 9th over - 0 run(s), 0 hit(s), 0 error(s), 0 left on base; Eau Claire 9 - Salem 5 |
BOTTOM OF THE 9TH |
Salem Sledgehammers batting - Pitching for Eau Claire Esquires : LHP Gabriel Acevedo
|
Batting: RHB Roberto Landavazo
|
0-0: Ball 1-0: Called Strike 1-1: Called Strike 1-2: Ball 2-2: Ground out 5-3 (Groundball, 56)
|
Batting: RHB Steve West
|
0-0: Ball 1-0: Called Strike 1-1: Called Strike 1-2: Strikes out swinging
|
Batting: RHB Ben Simpson
|
0-0: Foul Ball, location: 2F 0-1: Foul Ball, location: 2F 0-2: Foul Ball, location: 2F 0-2: Foul Ball, location: 2F 0-2: Ground out 5-3 (Groundball, 5)
|
Bottom of the 9th over - 0 run(s), 0 hit(s), 0 error(s), 0 left on base; Eau Claire 9 - Salem 5 |
|